 Dungeon Crawl Stone Soup version 0.29-a0-555-g3b24f45cc1 (webtiles) character file.

Game seed: 7112115121630503827

4884 spiderkeys the Nimble (level 10, -1/59 (60) HPs)
             Began as a Deep Elf Abyssal Knight on June 7, 2022.
             Was an Elder of Lugonu.
             Killed by divine providence
             ... invoked by an orc priest
              (13 damage)
             ... on level 8 of the Dungeon.
             The game lasted 00:19:24 (10522 turns).

spiderkeys the Nimble (Deep Elf Abyssal Knight)    Turns: 10522, Time: 00:19:25

HP:   -1/59 (60)    AC:  9    Str: 13    XL:     10   Next: 26%
MP:   28/28         EV: 17    Int: 26    God:    Lugonu [****..]
Gold: 306           SH:  5    Dex: 20    Spells: 17/19 levels left

rFire   . . .      SeeInvis .   h - +7 lajatang of Cataclysm {drain, MP+9 Str-3 Int+6 Dex+3}
rCold   . . .      Faith    .   (shield currently unavailable)
rNeg    . . .      Spirit   .   H - +0 acid dragon scales
rPois   .          Reflect  +   C - +0 helmet
rElec   .          Harm     .   (no cloak)
rCorr   +          Rampage  .   G - +0 pair of gloves
Will    ++...                   Q - +0 pair of boots
Stlth   +.........              g - amulet "Wumo" {Reflect Will+ Dex+2 SH+5}
HPRegen 0.19/turn               S - +6 ring of strength
MPRegen 0.21/turn               (no ring)

@: lightly drained
A: no striking features
a: Renounce Religion, Depart the Abyss, Bend Space, Banish, Corrupt


You were on level 8 of the Dungeon.
You worshipped Lugonu.
Lugonu was greatly pleased with you.
You visited 1 branch of the dungeon, and saw 8 of its levels.
You visited the Abyss 1 time.

You collected 306 gold pieces.


   Skills:
 + Level 6.2 Fighting
 - Level 3.3 Short Blades
 + Level 6.2 Staves
 - Level 0.7 Armour
 + Level 8.7 Dodging
 - Level 5.0 Spellcasting
 - Level 5.0 Fire Magic
 + Level 7.8 Invocations


You had 17 spell levels left.
You knew the following spells:

 Your Spells              Type           Power      Damage    Failure   Level
X - Scorch                Fire           64%        2d8       2%          2

Your spell library contained the following spells:

 Spells                   Type           Power      Damage    Failure   Level
 Magic Dart               Conj           24%        1d4       11%         1
 Call Imp                 Summ           6%         N/A       17%         2
 Gell's Gravitas          Tloc           6%         N/A       32%         3
 Lesser Beckoning         Tloc           6%         N/A       32%         3
 Mephitic Cloud           Conj/Pois/Air  6%         N/A       32%         3
 Stone Arrow              Conj/Erth      12%        3d7       32%         3
 Teleport Other           Tloc           6%         N/A       32%         3
 Flame Wave               Conj/Fire      19%        2d6       36%         4
 Animate Armour           Summ/Erth      12%        N/A       73%         4
 Hailstorm                Conj/Ice       6%         3d4       73%         4
 Ice Form                 Ice/Tmut       6%         N/A       73%         4
 Summon Lightning Spire   Summ/Air       6%         N/A       73%         4
 Simulacrum               Ice/Necr       3%         N/A       100%        6
 Summon Cactus Giant      Summ           3%         N/A       100%        6
 Storm Form               Tmut/Air       3%         N/A       100%        7
 Lehudib's Crystal Spear  Conj/Erth      3%         10d2      100%        8
 Maxwell's Capacitive Co  Air            3%         ∞         100%        8

Inventory:

Hand Weapons
 a - a +1 short sword of freezing
 h - the +7 lajatang of Cataclysm (weapon) {drain, MP+9 Str-3 Int+6 Dex+3}
   (You acquired it on level 3 of the Dungeon)

   A truly terrible weapon, it drains the life of any living foe it strikes.
   Str:       It affects your strength (-3).
   Int:       It affects your intelligence (+6).
   Dex:       It affects your dexterity (+3).
   MP:        It affects your magic capacity (+9).
Missiles
 d - 19 boomerangs
 e - 258 stones
 p - 14 silver boomerangs
 y - 3 javelins
 A - a curare-tipped dart {=f}
 J - 2 throwing nets {=f!f}
Armour
 m - a +0 ring mail
   (You found it on level 2 of the Dungeon)
 n - a +0 leather armour
   (You found it on level 8 of the Dungeon)
 C - a +0 helmet (worn)
   (You found it on level 4 of the Dungeon)
 G - a +0 pair of gloves (worn)
   (You found it on level 5 of the Dungeon)
 H - +0 acid dragon scales (worn)
   (You found it on level 8 of the Dungeon)
 O - +0 steam dragon scales
   (You found it on level 6 of the Dungeon)
 Q - a +0 pair of boots (worn)
   (You found it on level 5 of the Dungeon)
 R - a +0 leather armour
   (You found it on level 8 of the Dungeon)
 X - a +0 chain mail
   (You took it off an orc on level 7 of the Dungeon)
Jewellery
 g - the amulet "Wumo" (around neck) {Reflect Will+ Dex+2 SH+5}
   (You acquired it on level 2 of the Dungeon)

   [amulet of reflection]

   It reflects blocked missile attacks.
   Dex:       It affects your dexterity (+2).
   SH:        It affects your SH (+5).
   Will:      It increases your willpower.
 B - an amulet of magic regeneration
   (You found it on level 4 of the Dungeon)
 L - a ring of flight
   (You found it on level 4 of the Dungeon)
 S - a +6 ring of strength (left hand)
   (You found it on level 3 of the Dungeon)
Wands
 q - a wand of digging (4)
   (You found it on level 6 of the Dungeon)
 t - a wand of paralysis (7)
   (You found it on level 6 of the Dungeon)
 K - a wand of iceblast (9)
   (You found it on level 5 of the Dungeon)
 M - a wand of polymorph (10)
   (You found it on level 6 of the Dungeon)
 N - a wand of mindburst (26)
   (You took it off Ijyb on level 5 of the Dungeon)
Scrolls
 b - 2 scrolls of blinking {!r}
 i - 3 scrolls of fear {unknown}
 l - 5 scrolls of noise {!r}
 u - 2 scrolls of poison {unknown}
 v - a scroll of magic mapping {!r}
 w - a scroll of fog
 x - 3 scrolls of teleportation {@r4}
 z - 5 scrolls of identify {@r1}
 I - 3 scrolls of enchant weapon {unknown}
 P - a scroll of summoning {unknown}
Potions
 c - 4 potions of resistance
 f - 5 potions of curing {unknown}
 j - a potion of invisibility
 k - 3 potions of might
 r - a potion of cancellation {unknown}
 s - a potion of flight {unknown}
 D - a potion of mutation {unknown}
 E - 2 potions of haste {unknown}
 F - a potion of magic {unknown}
 T - a potion of berserk rage {unknown}

Dungeon Overview and Level Annotations

Branches:
Dungeon (8/15)             Temple (0/1) D:7
   Lair: D:8-11

Altars:
Dithmenos
Hepliaklqana
Sif Muna
Vehumet
Xom

Annotations:
D:7 1 runed translucent door, Hubris850's ghost, novice DsTm
Abyss:1 Prince Ribbit, Sigmund

#......##
#####
##......#
..#
#.......##
...
#..####..##
..# ..
##..## ..#
. ##..###.#
# ##.....#
### ##oo..#
..# #@o.##
..## #).##
#..# ...#
#..# ..###
#..# ..#
..## ...


YY# #..# .YY ... .Y. You could see 2 orc priests and an orc wizard.


Message History

The centaur wields a +0 shortbow.
The centaur shoots an arrow.
The arrow completely misses you.
You hear a shout!
An orc priest comes into view. It is wielding a +0 flail.
The orc priest shouts!
You hear a shout!
The centaur shoots an arrow.
The arrow closely misses you.
An orc priest comes into view. It is wielding a +2 dagger of draining.
The centaur shoots an arrow.
The arrow hits you!
The orc priest moves out of view. 😕 HP[-12]
You take 12 damage, and now have 48/60 hp.
The centaur shoots an arrow.
The arrow misses you.
You hit the orc priest.
The centaur shoots an arrow.
The arrow closely misses you. You block the orc priest's attack.
The centaur shoots an arrow.
The arrow barely misses you.
The orc priest hits you with a +0 flail.
The orc priest hits you but does no damage.
You feel drained. 😮 HP[-4]
You now have 59 max hp (-1).
You take 4 damage, and now have 44/59 hp.
An orc priest comes into view. It is wielding a +0 short sword.
The centaur shoots an arrow.
The arrow hits you!
The orc priest hits you with a +2 dagger of draining.
You feel drained. The orc priest misses you. 😮 HP[-14]
You now have 58 max hp (-1).
You take 14 damage, and now have 30/58 hp.
MASSIVE DAMAGE!! (PAUSE)
Okay, then.
Okay, then.
The orc priest attacks as you move away!
The orc priest misses you.
An orc wizard comes into view. It is wielding a +0 dagger.
The centaur unwields a +0 shortbow.
The centaur hits you.
* * * LOW HITPOINT WARNING * * *
The centaur closely misses you.
The orc priest looks satisfied for a moment.
The orc priest barely misses you. 😨 HP[-5]
You take 5 damage, and now have 25/58 hp.
The orc wizard shouts!
You slash the centaur! You drain the centaur.
The centaur hits you but does no damage.
You block the centaur's attack. The centaur closely misses you.
The centaur kicks you but does no damage.
The orc priest calls upon Beogh to heal the orc priest.
The orc priest's wounds heal themselves!
You barely miss the centaur.
The centaur hits you but does no damage.
The centaur misses you. The centaur closely misses you.
The centaur kicks you but does no damage.
The orc priest hits you but does no damage.
You feel drained. The orc priest barely misses you.
You now have 57 max hp (-1).
You slash the centaur!
You kill the centaur!
Lugonu accepts your kill.
The orc priest invokes the aid of Beogh against you.
Beogh smites you!
* * * LOW HITPOINT WARNING * * *
The orc priest completely misses you. 😨 HP[-7]
You now have 58 max hp (+1).
You take 7 damage, and now have 18/58 hp.
You hit the orc priest. You drain the orc priest.
The orc priest looks braver for a moment.
The orc priest invokes the aid of Beogh against you.
Beogh smites you!
* * * LOW HITPOINT WARNING * * *
The orc priest calls upon Beogh to heal the orc priest.
The orc priest is healed somewhat. 😱 HP[-13]
You take 13 damage, and now have 5/58 hp.
MASSIVE DAMAGE!! (PAUSE)
You feel much better. The orc priest closely misses you. x2
The orc priest mumbles some strange prayers to Beogh against you.
Beogh smites you!
* * * LOW HITPOINT WARNING * * *
😱 HP[+6]
You regained 6 hp, and now have 11/58 hp.
You slash the orc priest!
You kill the orc priest!
Lugonu accepts your kill.
The orc priest hits you but does no damage.
You block the orc priest's attack.
You now have 59 max hp (+1).
You slash the orc priest! The orc priest completely misses you.
The orc priest misses you. The orc wizard completely misses you.
You barely miss the orc priest.
The orc priest begins to cast a cantrip, but forgets the words!
The orc priest barely misses you. The orc wizard misses you. 😱 HP[+1]
You barely miss the orc priest.
The orc priest hits you but does no damage.
The orc priest invokes the aid of Beogh against you.
Beogh smites you!
You die...

Skill      XL: |  1  2  3  4  5  6  7  8  9 10 |
---------------+-------------------------------+-----
Spellcasting   | 1 2 3 4 5 |  5.0
Dodging        | 3 4 5 6 8 |  8.7
Fighting       | 3 4 5 6 |  6.2
Invocations    | 3 4 6 7 |  7.8
Short Blades   | 3 |  3.3
Staves         | 1 2 4 5 6 |  6.2
Fire Magic     | 2 4 5 |  5.0
Armour         | |  0.7

Action                   |  1- 3 |  4- 6 |  7- 9 | 10-12 || total
-------------------------+-------+-------+-------+-------++-------
Melee: Short sword       |   117 |   115 |       |       ||   232
       Punch             |     1 |     1 |       |       ||     2
       Lajatang          |       |    30 |   234 |    44 ||   308
Throw: Boomerang         |       |     3 |     5 |       ||     8
Invok: Depart the Abyss  |     1 |       |       |       ||     1
       Bend Space        |       |     3 |     8 |       ||    11
       Banish            |       |       |     4 |       ||     4
  Use: Scroll            |     7 |     4 |       |       ||    11
       Potion            |       |     1 |     1 |     4 ||     6
 Stab: Sleeping          |     2 |       |       |       ||     2
Armor: Leather armour    |    30 |    20 |     3 |       ||    53
       Ring mail         |       |       |    70 |       ||    70
       Steam dragon scal |       |       |     7 |     7 ||    14
       Acid dragon scale |       |       |       |     8 ||     8
Dodge: Dodged            |    72 |    76 |   206 |    61 ||   415
Block: Other             |     3 |    29 |    65 |    20 ||   117
       Reflection        |       |     2 |     2 |       ||     4

Levels and vault maps discovered:
D:1:      eino_arrival_cavern_d, layout_basic, nrook_mini_vaults
D:2:      layout_loops_ring, basic_ecumenical_altar
D:3:      layout_rooms, led_xom_imps, mainiacjoe_overflow_alcove_2,
          minmay_misc_feat_encased
D:4:      layout_rooms, nicolae_hepliaklqana_monster_ancestors,
          grunt_decor_resistance
D:5:      minmay_octagon_keep, layout_loops_ring, kennysheep_small_spiral,
          uniq_sigmund, uniq_ijyb, uniq_prince_ribbit1
D:6:      layout_basic, mainiacjoe_overflow_tiny_flanked,
          grunt_dithmenos_smoke_and_mirrors
D:7:      layout_basic, minmay_temple_entry_hall, gammafunk_ghost_grave
D:8:      layout_layer_cave, tso_altar, dpeg_lair_monsters,
          minmay_unpleasant_kobolds, uniq_erica

Notes
Turn   | Place    | Note
-------+----------+-------------------------------------------
     0 | Abyss:1  | spiderkeys the Deep Elf Abyssal Knight began the quest for
                  | the Orb.
     0 | Abyss:1  | Reached XP level 1. HP: 13/13 MP: 4/4
     0 | Abyss:1  | magus.rc [v1.11.3]
     8 | Abyss:1  | Noticed a worldbinder
    11 | D:1      | You pass through the gate.
    11 | D:1      | Escaped the Abyss
   266 | D:1      | Reached XP level 2. HP: 18/18 MP: 5/5
   395 | D:1      | Reached skill level 1 in Spellcasting
   523 | D:1      | You pick up a book of Displacement and begin reading...
   523 | D:1      | You add the spells Lesser Beckoning, Gell's Gravitas and
                  | Teleport Other to your library.
  1128 | D:2      | Reached XP level 3. HP: 20/22 MP: 5/7
  1174 | D:2      | Found a faded altar of an unknown god.
  1245 | D:2      | Reached skill level 3 in Dodging
  1912 | D:2      | Identified a scroll of acquirement
  1912 | D:2      | Acquired the amulet "Wumo" {Reflect Will+ Dex+2 SH+5}
  2075 | D:3      | Reached skill level 2 in Spellcasting
  2075 | D:3      | Reached XP level 4. HP: 20/27 MP: 7/9
  2409 | D:3      | HP: 4/27 [orc/+0 club (4)]
  2681 | D:3      | Reached skill level 3 in Fighting
  2772 | D:3      | Reached skill level 3 in Invocations
  2785 | D:3      | Found a shimmering altar of Xom.
  3101 | D:3      | Found a shimmering blue altar of Sif Muna.
  3148 | D:3      | Reached XP level 5. HP: 25/32 MP: 10/10
  3261 | D:3      | Reached skill level 3 in Short Blades
  3362 | D:3      | Reached skill level 3 in Spellcasting
  3519 | D:3      | Reached *** piety under Lugonu
  3520 | D:3      | Reached skill level 4 in Dodging
  3520 | D:3      | Reached XP level 6. HP: 29/37 MP: 12/12
  3659 | D:3      | Acquired the +7 lajatang of Cataclysm {drain, MP+9 Str-3
                  | Int+6 Dex+3}
  3962 | D:4      | Reached skill level 1 in Staves
  4040 | D:4      | You pick up a book of the Sky and begin reading...
  4040 | D:4      | You add the spells Summon Lightning Spire, Storm Form and
                  | Maxwell's Capacitive Coupling to your library.
  4071 | D:4      | Reached skill level 4 in Spellcasting
  4071 | D:4      | Reached skill level 4 in Invocations
  4074 | D:4      | Reached XP level 7. HP: 41/41 MP: 15/15
  4639 | D:4      | You pick up a book of Scorching and begin reading...
  4639 | D:4      | You add the spells Scorch, Flame Wave and Summon Cactus
                  | Giant to your library.
  4733 | D:4      | Found a hazy altar of Hepliaklqana.
  4751 | D:5      | Entered Level 5 of the Dungeon
  4752 | D:5      | Noticed Prince Ribbit
  4766 | D:5      | Banished Prince Ribbit
  4767 | D:5      | Reached skill level 2 in Staves
  4767 | D:5      | Reached skill level 5 in Dodging
  5068 | D:5      | Reached skill level 4 in Fighting
  5086 | D:5      | Reached skill level 5 in Spellcasting
  5656 | D:4      | Reached XP level 8. HP: 35/48 MP: 17/17
  5744 | D:5      | Noticed Sigmund
  5747 | D:5      | Banished Sigmund
  5748 | D:5      | Reached skill level 3 in Staves
  5748 | D:5      | Reached skill level 5 in Invocations
  5889 | D:5      | Learned a level 2 spell: Scorch
  6005 | D:5      | Noticed Ijyb
  6014 | D:5      | Killed Ijyb
  6015 | D:5      | Reached skill level 6 in Dodging
  6240 | D:5      | You pick up a book of Minor Magic and begin reading...
  6240 | D:5      | You add the spells Magic Dart, Call Imp and Mephitic Cloud
                  | to your library.
  6324 | D:5      | Reached skill level 1 in Fire Magic
  6705 | D:5      | Reached skill level 2 in Fire Magic
  6709 | D:5      | Reached **** piety under Lugonu
  6896 | D:6      | Reached skill level 4 in Staves
  6901 | D:6      | Reached skill level 6 in Invocations
  6940 | D:6      | Reached skill level 5 in Fighting
  6987 | D:6      | You pick up a book of Armaments and begin reading...
  6987 | D:6      | You add the spells Stone Arrow, Animate Armour and
                  | Lehudib's Crystal Spear to your library.
  7019 | D:6      | Reached XP level 9. HP: 54/54 MP: 18/18
  7185 | D:6      | Found a shadowy altar of Dithmenos.
  7196 | D:6      | Reached skill level 3 in Fire Magic
  7199 | D:6      | Reached skill level 7 in Dodging
  7398 | D:6      | Found a radiant altar of Vehumet.
  7733 | D:7      | Found a runed translucent door.
  7914 | D:7      | Reached skill level 5 in Staves
  7914 | D:7      | Reached skill level 4 in Fire Magic
  8335 | D:7      | Reached skill level 7 in Invocations
  8564 | D:7      | Found a staircase to the Ecumenical Temple.
  8571 | D:7      | Banished a very large slime creature
  8572 | D:7      | Reached skill level 8 in Dodging
  9224 | D:7      | Noticed Hubris850's ghost (novice DsTm)
  9316 | D:8      | Noticed a death yak
  9392 | D:8      | You pick up a book of the Tundra and begin reading...
  9392 | D:8      | You add the spells Hailstorm, Ice Form and Simulacrum to
                  | your library.
  9421 | D:8      | Reached XP level 10. HP: 60/60 MP: 19/19
  9655 | D:8      | Noticed a death yak
  9780 | D:8      | Noticed a death yak
  9780 | D:8      | Noticed a death yak
  9780 | D:8      | Noticed a death yak
  9780 | D:8      | Noticed a death yak
 10060 | D:8      | Reached skill level 5 in Fire Magic
 10147 | D:8      | Reached skill level 6 in Fighting
 10179 | D:8      | Noticed Erica
 10185 | D:8      | HP: 14/58 [Erica/+2 scimitar of flaming (1)]
 10190 | D:8      | HP: 12/58 [Erica/+2 scimitar of flaming (8)]
 10192 | D:8      | Killed Erica
 10193 | D:8      | Reached skill level 6 in Staves
 10517 | D:8      | HP: 5/58 [orc priest/divine providence (13)]
 10522 | D:8      | Killed from afar by an orc priest

Vanquished Creatures
  Erica (D:8)
  2 steam dragons (D:6)
  An acid dragon (D:8)
  2 black bears (D:5)
  An orc warrior (D:6)
  A sky beast (D:7)
  2 ice beasts
  A phantom (D:7)
  3 centaurs
  2 bullfrogs (D:6)
  2 kobold brigands (D:8)
  2 necrophages
  5 scorpions
  3 wights
  A howler monkey (D:6)
  4 crimson imps (D:3)
  5 hounds
  5 jellies
  4 orc priests
  A gnoll shaman (D:4)
  Ijyb (D:5)
  6 iguanas
  6 orc wizards
  13 gnolls
  9 adders
  3 shadow imps
  2 white imps (D:7)
  2 ufetubi (D:5)
  2 worms
  3 dart slugs
  21 orcs
  3 ball pythons
  5 endoplasms
  4 giant cockroaches
  7 goblins
  7 hobgoblins
  4 jackals (D:2)
  13 kobolds
  7 quokkas
  4 bats
  3 rats
  A spectral goblin (D:4)
174 creatures vanquished.

Vanquished Creatures (others)
  A kobold (D:8)
1 creature vanquished.

Grand Total: 175 creatures vanquished

Table legend:
 A = Non-vault XP
 B = Vault XP
 C = Vault XP percentage of total XP
 D = Non-vault monster count
 E = Vault monster count
 F = Vault count percentage of total count
                 A         B        C        D         E       F
            +---------+---------+-------+---------+---------+-------
      Total |    4453 |    2525 |  36.2 |     147 |      30 |  16.9
            +---------+---------+-------+---------+---------+-------
        D:1 |      28 |       0 |   0.0 |      13 |       0 |   0.0
        D:2 |      53 |       0 |   0.0 |      20 |       0 |   0.0
        D:3 |     181 |     325 |  64.2 |      23 |       5 |  17.9
        D:4 |     293 |      37 |  11.2 |      21 |       3 |  12.5
        D:5 |     523 |    1247 |  70.5 |      20 |      15 |  42.9
        D:6 |    1085 |       0 |   0.0 |      21 |       0 |   0.0
        D:7 |    1738 |       0 |   0.0 |      21 |       0 |   0.0
        D:8 |     552 |     916 |  62.4 |       8 |       7 |  46.7
            +---------+---------+-------+---------+---------+-------

Illustrated notes

Table legend:
 A = Kills in this place as a percentage of kills in entire the game.
 B = Kills by you in this place as a percentage of kills by you in the entire game.
 C = Kills by friends in this place as a percentage of kills by friends in the entire game.
 D = Other kills in this place as a percentage of other kills in the entire game.
 E = Experience gained in this place as a percentage of experience gained in the entire game.
 F = Experience gained in this place divided by the number of levels of this place that you have seen.
                   A       B       C       D       E      F
               +-------+-------+-------+-------+-------+----------------------
         Total | 100.0 | 100.0 |   N/A | 100.0 | 100.0 | 775.3
       Dungeon | 100.0 | 100.0 |   N/A | 100.0 | 100.0 | 872.2
               +-------+-------+-------+-------+-------+----------------------

Table legend: (Time is in decaauts)
 A = Elapsed time spent in this place.
 B = Non-inter-level travel time spent in this place.
 C = Inter-level travel time spent in this place.
 D = Time resting spent in this place.
 E = Time spent auto-exploring this place.
 F = Levels seen in this place.
 G = Mean time per level.
                   A        B        C        D        E       F      G
               +--------+--------+--------+--------+--------+-----+--------+
         Total |  10599 |  10282 |    317 |   2291 |   6216 |   9 | 1177.7 |
       Dungeon |  10588 |  10271 |    317 |   2291 |   6208 |   8 | 1323.5 |
         Abyss |     11 |     11 |      0 |      0 |      8 |   1 |   11.0 |
               +--------+--------+--------+--------+--------+-----+--------+

Top non-repeatable levels by time:
     D:7: 1756 daAuts
     D:3: 1698 daAuts
     D:2: 1691 daAuts
     D:5: 1645 daAuts
     D:4: 1113 daAuts
     D:6: 925 daAuts
     D:1: 880 daAuts
     D:8: 877 daAuts
 Abyss:1: 11 daAuts
